 Dungeon Crawl Stone Soup version 0.13.1-27-ga479965 (webtiles) character file.

410 Iskender the Basher (level 6, -8/49 HPs)
             Began as an Ogre Wanderer on Jan 28, 2014.
             Killed by divine providence
             ... invoked by a smoke demon
              (10 damage)
             ... on Level 1 of the Abyss.
             The game lasted 00:20:05 (3246 turns).

Iskender the Basher (Ogre Wanderer)                 Turns: 3246, Time: 00:20:05

HP  -8/49        AC  5     Str 14      XL: 6   Next: 23%
MP   7/7         EV  9     Int 15      God:
Gold 137         SH  0     Dex  7      Spells:  0 memorised,  5 levels left

Res.Fire  : . . .   See Invis. : .   a - +2 mace
Res.Cold  : . . .   Warding    : .   w - +2 robe of the Pleiades {MR++ Str-2}
Life Prot.: . . .   Conserve   : .   (shield restricted)
Res.Poison: .       Res.Corr.  : .   (helmet restricted)
Res.Elec. : .       Clarity    : .   b - +0 cloak
Sust.Abil.: . .     Spirit.Shd : .   (gloves unavailable)
Res.Mut.  : .       Stasis     : .   (boots unavailable)
Res.Rott. : .       Flight     : .   (no amulet)
Saprovore : + . .                    (no ring)
                                     i - ring of invisibility

@: quite resistant to hostile enchantments, very unstealthy
A: unfitting armour, berserk 1, blurry vision 2, deformed body, deterioration 1,
herbivore 1, fast metabolism 1, -10% hp, saprovore 1, tough skin 1, Str -2
a: Evoke Invisibility


You were on level 1 of the Abyss.
You were hungry.

You visited 1 branch of the dungeon, and saw 4 of its levels.
You visited the Abyss 1 time.

You collected 87 gold pieces.

Inventory:

Hand weapons
 a - a +2,+2 mace (weapon)
 o - a +0,+0 mace
 r - a +2,+0 whip of electrocution
 y - a +0,+1 orcish hand axe
 z - a +0,+0 hand axe
Missiles
 k - 12 darts of frost (quivered)
 n - 63 stones
 p - 13 sling bullets
 C - 9 arrows of dispersal
 E - 13 poisoned needles
Armour
 b - a +0 cloak (worn)
 w - the +2 robe of the Pleiades (worn) {MR++ Str-2}
   (You found it on level 1 of the Abyss)

   It affects your strength (-2).
   It affects your resistance to hostile enchantments.
 x - a +0 robe of cold resistance
Magical devices
 f - a wand of flame (5) {unknown}
Comestibles
 c - 2 meat rations
 d - an apple
 j - 2 rotting chunks of orc flesh
 u - 2 bread rations
 B - a lemon
Scrolls
 e - 5 scrolls of remove curse {unknown}
 g - a scroll of random uselessness {unknown}
 l - 3 scrolls of identify {unknown}
 m - 2 scrolls of enchant armour {unknown}
 q - a scroll of fear {unknown}
 s - a scroll of enchant weapon II {unknown}
 t - a scroll of blinking {unknown}
 D - a scroll of curse jewellery {unknown}
Jewellery
 i - a ring of invisibility (left hand)
Potions
 h - a potion of magic {unknown}
 v - a potion of poison {unknown}
 A - 2 potions of curing {unknown}


   Skills:
 - Level 2.6 Fighting
 + Level 11.0 Maces & Flails
   Level 1.0 Shields
   Level 1.0 Invocations


You had 5 spell levels left.
You didn't know any spells.

Dungeon Overview and Level Annotations

Branches:
Dungeon (4/27)
 Temple: D:4-7

Altars:


Innate Abilities, Weirdness & Mutations

You are too large for most types of armour.
You have a fast metabolism.
You can tolerate rotten meat.
You have tough skin (AC +1).
[You tend to lose your temper in combat.]
[Your vision is quite blurry.]
[Armour fits poorly on your strangely shaped body.]
[Your body is slowly deteriorating.]
[You digest meat inefficiently.]
[You are frail (-10% HP).]
[You are weak. (Str -2)]


Message History

The smoke demon is lightly wounded.
The wretched star pulses with an eldritch light!
Your body twists and deforms.
Your vision blurs.
Your vision blurs.
You barely miss the smoke demon.
The smoke demon is lightly wounded.
The smoke demon hits you but does no damage.
The smoke demon hits you.
* * * LOW HITPOINT WARNING * * *
The smoke demon closely misses you.
The wretched star pulses with an eldritch light!
You feel a little pissed off.
You feel frail.
You hit the smoke demon.
The smoke demon is lightly wounded.
The smoke demon hits you but does no damage.
The smoke demon barely misses you. The smoke demon completely misses you.
You hit the smoke demon but do no damage.
The smoke demon is lightly wounded.
The smoke demon gestures at you. Something smites you!
You die...

## #.# ..
..#.###.##..#
#...#....#.#...#
...#.#...#.#..##
.............≈#≈#..
..............≈≈# .
..............≈ .#
#.....#.....#......
... #..@####.# ..
#...*3# ..
...........
...........#
.............
..#.....#.#.#
###...###.. ..... #
...


You could see a wretched star and a smoke demon.

Vanquished Creatures
  A rotting devil (Abyss:1)
  2 orc priests (D:3)
  Ijyb (D:2)
  Jessica (D:2)
  3 adders
  A giant mite (D:3)
  A worm (D:3)
  3 orcs
  7 giant cockroaches
  9 goblins
  7 hobgoblins
  4 jackals (D:1)
  6 kobolds
  A ball python (D:1)
  5 bats
  5 giant newts
  5 rats
62 creatures vanquished.

Notes
Turn   | Place    | Note
--------------------------------------------------------------
     0 | D:1      | Iskender, the Ogre Wanderer, began the quest for the Orb.
     0 | D:1      | Reached XP level 1. HP: 18/18 MP: 1/1
    28 | D:1      | Reached skill level 8 in Maces & Flails
   230 | D:1      | Reached XP level 2. HP: 26/26 MP: 2/2
   864 | D:1      | Reached XP level 3. HP: 28/32 MP: 3/3
  1056 | D:2      | Noticed Jessica
  1143 | D:2      | Noticed Ijyb
  1464 | D:2      | Killed Ijyb
  1464 | D:2      | Reached skill level 9 in Maces & Flails
  1471 | D:2      | Reached XP level 4. HP: 20/41 MP: 4/4
  1911 | D:2      | Killed Jessica
  2302 | D:3      | Reached skill level 10 in Maces & Flails
  2302 | D:3      | Reached XP level 5. HP: 26/48 MP: 3/5
  3095 | D:3      | Cast into the Abyss (orc)
  3100 | Abyss:1  | Got a faintly glowing robe
  3107 | Abyss:1  | Identified the +2 robe of the Pleiades {MR++ Str-2} (You found it on level 1 of the Abyss)
  3141 | Abyss:1  | Noticed a rotting devil
  3157 | Abyss:1  | Killed a rotting devil
  3157 | Abyss:1  | Reached skill level 11 in Maces & Flails
  3157 | Abyss:1  | Reached XP level 6. HP: 43/55 MP: 7/7
  3225 | Abyss:1  | Noticed a wretched star
  3233 | Abyss:1  | Noticed a smoke demon
  3244 | Abyss:1  | HP: 2/55 [smoke demon (4)]
  3246 | Abyss:1  | Killed from afar by a smoke demon

Action                   |  1- 3 |  4- 6 || total
-------------------------+-------+-------++-------
Melee: Mace              |   107 |   138 ||   245
Throw: Club              |    12 |       ||    12
       Dart              |     3 |    11 ||    14
       Stone             |     2 |     1 ||     3
       Hand axe          |       |     1 ||     1
       Dagger            |       |     1 ||     1
 Abil: Evoke Invisibilit |       |     6 ||     6
  Use: Potion            |     1 |       ||     1
 Stab: Invisible         |       |     4 ||     4
